 Dungeon Crawl Stone Soup version 0.31-a0-1424-g2add1c7226 (webtiles) character file.

Game seed: 12055394907308412031

81 Aldia the Trooper (level 4, -3/48 HPs)
             Began as an Oni Warper on Dec 27, 2023.
             Slain by a gnoll
             ... wielding a +1 halberd of freezing
              (4 damage)
             ... on level 2 of the Dungeon.
             The game lasted 00:03:05 (2264 turns).

Aldia the Trooper (Oni Warper)                      Turns: 2264, Time: 00:03:06

Health: -3/48      AC:  3    Str: 17    XL:     4   Next: 40%
Magic:  16/16      EV:  9    Int: 14    God:
Gold:   83         SH:  0    Dex:  8    Spells: 6/8 levels left

rFire   . . .        n - +2 hammer (protect)
rCold   . . .        (no shield)
rNeg    . . .        b - +0 robe
rPois   .            (helmet restricted)
rElec   .            (no cloak)
rCorr   .            (gloves unavailable)
SInv    .            (boots unavailable)
Will    .....        (no amulet)
Stlth   +            k - ring of magical power
HPRegen 0.28/turn    (no ring)
MPRegen 0.15/turn

%: no passive effects
@: no status effects
A: large, unfitting armour, horns 1, tough skin 1, double potion healing,
drunken brawling
a: no special abilities


You were on level 2 of the Dungeon.
You visited 1 branch of the dungeon, and saw 2 of its levels.

You collected 83 gold pieces.

Inventory:

Hand Weapons
 a - a +0 mace
 f - a +0 flail
 n - a +2 hammer of protection (weapon)
Missiles
 d - 7 darts of dispersal (quivered)
 l - 6 poisoned darts
Armour
 b - a +0 robe (worn)
Jewellery
 k - a ring of magical power (left hand)
Scrolls
 c - a scroll of blinking
 e - a scroll of teleportation {unknown}
 h - a scroll of noise {unknown}
 i - a scroll of identify {unknown}
 o - a scroll of enchant weapon {unknown}
Potions
 g - a potion of brilliance {unknown}
 j - a potion of heal wounds {unknown}
 m - a potion of haste {unknown}


   Skills:
 + Level 3.7 Fighting
 * Level 3.4 Maces & Flails
 - Level 1.0 Throwing
 - Level 2.1 Dodging
 - Level 2.5 Spellcasting
 + Level 3.2 Translocations


You had 6 spell levels left.
You knew the following spells:

 Your Spells              Type           Power      Damage    Failure   Level
a - Blink                 Tloc           20%        N/A       9%          2

Your spell library contained the following spells:

 Spells                   Type           Power      Damage    Failure   Level
 Lesser Beckoning         Tloc           20%        N/A       9%          2
 Teleport Other           Tloc           10%        N/A       19%         3
 Manifold Assault         Tloc           10%        N/A       52%         4
 Vhi's Electric Charge    Tloc/Air       12%        N/A       75%         4
 Arcjolt                  Conj/Air       0%         1d10      99%         5
 Maxwell's Capacitive Co  Air            0%         ∞         100%        8


Dungeon Overview and Level Annotations

Branches:
Dungeon (2/15)

Altars:

Shops:
D:1 :

Annotations:
D:2 1 runed translucent door, Crazy Yiuf, Natasha


Innate Abilities, Weirdness & Mutations

You are too large for most types of armour.
You have a pair of small horns on your head.
You have tough skin. (AC +1)
You gain doubled healing and magic from potions.
Whenever you drink a healing potion, you attack all around you.


Message History

No target in view!
Things that are here:
a +0 club; 3 stones; a kobold corpse You now have 83 gold pieces (gained 7).
There is an open door here.
Found 9 stones.
o - a scroll labelled KEYCHA EXOZIGO A gnoll is nearby!
A gnoll is nearby!
The gnoll shouts!
The gnoll unwields a +1 halberd of freezing.
The gnoll wields a +0 sling.
The gnoll shoots a sling bullet.
The sling bullet hits you!
The gnoll shoots a sling bullet.
The sling bullet barely misses you.
The gnoll shoots a sling bullet.
The sling bullet hits you!
A rat comes into view.
The rat squeaks loudly.
The gnoll unwields a +0 sling.
The gnoll wields a +1 halberd of freezing.
It glows with a cold blue light!
The gnoll closely misses you.
You barely miss the gnoll. Your headbutt misses the gnoll.
The gnoll hits you with a +1 halberd of freezing!
The gnoll freezes you.
You hit the gnoll.
Your weapon exudes an aura of protection.
You headbutt the gnoll.
The gnoll is moderately wounded.
The gnoll closely misses you.
You closely miss the gnoll. You headbutt the gnoll.
The gnoll is heavily wounded.
The gnoll hits you with a +1 halberd of freezing!
* * * LOW HITPOINT WARNING * * *
The gnoll freezes you.
* * * LOW HITPOINT WARNING * * *
You completely miss the gnoll.
The gnoll is heavily wounded.
The gnoll hits you with a +1 halberd of freezing!
* * * LOW HITPOINT WARNING * * *
The gnoll freezes you.
You die...

####.# ##'##
.# #.# #.#
.# #.#
#.###### #..
## ##......#
###
..##...###.#
#.#......#
#r##....#..#
#.#g###..##
.#
#...@.....#
..
###.####.#.#
# ...
#...(.# ####
#######


You could see a gnoll and a rat.

Vanquished Creatures
  3 gnolls (D:2)
  An adder (D:2)
  3 worms (D:2)
  3 bats (D:1)
  A giant cockroach (D:1)
  3 hobgoblins (D:1)
  3 quokkas
  2 ball pythons
  2 frilled lizards
  3 goblins
  10 kobolds
  4 rats
38 creatures vanquished.

Notes
Turn   | Place    | Note
-------+----------+-------------------------------------------
     0 | D:1      | Aldia the Oni Warper began the quest for the Orb.
     0 | D:1      | Reached XP level 1. HP: 22/22 MP: 3/3
    34 | D:1      | Found Doghupra's Book Boutique.
   204 | D:1      | Reached XP level 2. HP: 28/29 MP: 5/5
   314 | D:1      | Found a faded altar of an unknown god.
  1304 | D:2      | Reached XP level 3. HP: 36/37 MP: 6/6
  1373 | D:2      | Noticed Natasha
  1427 | D:1      | Learned a level 2 spell: Blink
  1582 | D:2      | Reached XP level 4. HP: 13/45 MP: 7/7
  1950 | D:2      | Identified the +3 leather armour of the Eleven Towns
                  | {rPois}
  2186 | D:2      | Found a runed translucent door.
  2187 | D:2      | Noticed Crazy Yiuf
  2264 | D:2      | HP: 1/48 [gnoll/+1 halberd of freezing (11)]
  2264 | D:2      | Slain by a gnoll

Illustrated notes

Levels and vault maps discovered:
D:1:      wander_arrival_lonely_grave, layout_basic, serial_shops, shop,
          shapermc_ecumenical_altar_venn
D:2:      layout_loops_corners, minmay_quantized, uniq_natasha,
          uniq_crazy_yiuf_cottage

Skill      XL: |  1  2  3 |
---------------+----------+-----
Fighting       | 3 |  3.7
Translocations | 3 |  3.2
Maces & Flails | 3 |  3.4
Throwing       | |  1.0
Dodging        | |  2.1
Spellcasting   | |  2.5

Action                     |  1- 3 |  4- 6 || total
---------------------------+-------+-------++-------
  Melee: Mace              |    16 |     9 ||    25
         Flail             |    77 |    23 ||   100
         Headbutt          |     7 |     8 ||    15
 Armour: Robe              |    74 |    19 ||    93
  Dodge: Dodged            |    45 |    10 ||    55

Table legend: (Time is in decaauts)
 A = Elapsed time spent in this place.
 B = Non-inter-level travel time spent in this place.
 C = Inter-level travel time spent in this place.
 D = Time resting spent in this place.
 E = Time spent auto-exploring this place.
 F = Levels seen in this place.
 G = Mean time per level.
                   A        B        C        D        E       F      G
               +--------+--------+--------+--------+--------+-----+--------+
         Total |   2295 |   2038 |    257 |      0 |   1652 |   2 | 1147.5 |
       Dungeon |   2295 |   2038 |    257 |      0 |   1652 |   2 | 1147.5 |
               +--------+--------+--------+--------+--------+-----+--------+

Top non-repeatable levels by time:
     D:1: 1382 daAuts
     D:2: 912 daAuts
